 Dungeon Crawl Stone Soup version 0.31.0-11-ge490571c62 (webtiles) character file.

Game seed: 8601656670177705088

177 qw the Skirmisher (level 5, -26/29 HPs)
             Began as a Deep Elf Hunter on Feb 3, 2024.
             Annihilated by an ogre
             ... wielding a +0 giant club
              (28 damage)
             ... on level 4 of the Dungeon.
             The game lasted 00:00:48 (3046 turns).

qw the Skirmisher (Deep Elf Hunter)                 Turns: 3046, Time: 00:00:49

Health: -26/29     AC:  7    Str: 10    XL:     5   Next: 31%
Magic:  7/7        EV: 11    Int: 14    God:
Gold:   177        SH:  0    Dex: 18    Spells: 4/4 levels left

rFire   . . .        a - +0 shortbow
rCold   . . .        (shield currently unavailable)
rNeg    . . .        k - +0 ring mail
rPois   .            (no helmet)
rElec   .            (no cloak)
rCorr   .            d - +1 pair of gloves
SInv    .            (no boots)
Will    .....        (no amulet)
Stlth   +            (no ring)
HPRegen 0.24/turn    (no ring)
MPRegen 0.10/turn

%: no passive effects
@: no status effects
A: no striking features
a: no special abilities


You were on level 4 of the Dungeon.
You visited 1 branch of the dungeon, and saw 4 of its levels.

You collected 221 gold pieces.
You spent 44 gold pieces at shops.


   Skills:
 - Level 1.5 Fighting
 + Level 8.8 Ranged Weapons
 - Level 2.4 Dodging
 - Level 1.2 Stealth


You had 4 spell levels left.
You didn't know any spells.
Your spell library was empty.

Inventory:

Hand Weapons
 a - a +0 shortbow (weapon)
Armour
 d - a +1 pair of gloves (worn)
 k - a +0 ring mail (worn)
Jewellery
 f - a +6 ring of strength
Potions
 b - 2 potions of heal wounds {unknown}
 c - a potion of curing
 e - a potion of brilliance {unknown}
 g - a potion of ambrosia {unknown}
 l - a potion of cancellation {unknown}
 m - a potion of enlightenment {unknown}

Dungeon Overview and Level Annotations

Branches:
Dungeon (4/15)
 Temple: D:4-7

Altars:
Fedhas
Kikubaaqudgha
Ru

Shops:
D:2 [   D:3 (

Annotations:
D:4 1 runed translucent door, qw's ghost, amateur DEHu


Message History

The iguana bites you.
You shoot an arrow. The arrow hits the iguana.
You kill the iguana!
You start resting.
HP restored.
You see here an iguana corpse.
You now have 177 gold pieces (gained 12).
Found a leather armour.
You see here a +0 rapier.
There is a stone staircase leading up here.
You see here a +0 leather armour.
Found a stone staircase leading down.
f - a +6 ring of strength The bullfrog croaks.
Found a club.
Qw's ghost turns its malevolent gaze towards you.
Qw's ghost whispers, "The ORB doesn't exist."
Found a short sword and 5 stones.
Enter note: You see here 5 stones.
An ogre comes into view. It is wielding a +0 giant club.
You shoot an arrow.
The arrow hits the ogre but does no damage.
The ogre shouts!
You shoot an arrow. The arrow hits the ogre!
The ogre is moderately wounded.
You shoot an arrow.
The arrow hits the ogre but does no damage.
The ogre is moderately wounded.
You shoot an arrow. The arrow barely misses the ogre.
You shoot an arrow.
The arrow hits the ogre but does no damage.
The ogre is moderately wounded.
The ogre hits you with a +0 giant club!!
Ouch! That really hurt!
You shoot an arrow. The arrow hits the ogre.
The ogre is heavily wounded.
The ogre hits you with a +0 giant club!!
Ouch! That really hurt!
You die...

#####<#####..................
#.# #.#########.#..#### #.# #
#.####(#..# #.. ..
#........###### #.# .##
##.##.......... #.# ..#
##.###........ #.. #.###.##
#.####### ### #O#.## #.# #@##
#.# #.# #.# #.# #.# #.# #.#
#.# #.# ... ###


You could see an ogre.

Vanquished Creatures
  A hound (D:4)
  An iguana (D:4)
  5 adders
  A dart slug (D:3)
  2 orcs
  6 endoplasms
  3 giant cockroaches
  8 goblins
  5 hobgoblins
  11 jackals
  5 quokkas
  3 ball pythons (D:1)
  7 bats
  2 frilled lizards (D:1)
  5 kobolds
  5 rats
70 creatures vanquished.

Vanquished Creatures (others)
  A human (D:3)
1 creature vanquished.

Grand Total: 71 creatures vanquished

Notes
Turn   | Place    | Note
-------+----------+-------------------------------------------
     0 | D:1      | qw the Deep Elf Hunter began the quest for the Orb.
     0 | D:1      | Reached XP level 1. HP: 12/12 MP: 3/3
     0 | D:1      | 0 ||| qw: Version: 0.3-a-155-g5e7d8dd
     0 | D:1      | 0 ||| qw: Game counter: 3347
     0 | D:1      | 0 ||| qw: Melee chars always use a shield: true
     0 | D:1      | 0 ||| qw: God list: Okawaru
     0 | D:1      | 0 ||| qw: Allow faded altars: false
     0 | D:1      | 0 ||| qw: Do Orc after clearing Dungeon:15 true
     0 | D:1      | 0 ||| qw: Do second Lair branch before Depths: true
     0 | D:1      | 0 ||| qw: Lair rune preference: random
     0 | D:1      | 0 ||| qw: Goals: Normal
     0 | D:1      | 0 ||| PLANNING D:1-11
    50 | D:1      | Reached skill level 6 in Ranged Weapons
    50 | D:1      | Reached XP level 2. HP: 15/16 MP: 4/4
   657 | D:1      | Reached XP level 3. HP: 20/20 MP: 5/5
   754 | D:1      | 754 ||| READING scroll labelled FEOR NYHINEAF.
   755 | D:1      | 755 ||| READING scroll labelled AKAN ARILEERA.
   791 | D:1      | 791 ||| READING scroll labelled NULENI KENEA.
   792 | D:1      | 792 ||| DROPPING scroll of butterflies.
   991 | D:2      | Reached skill level 7 in Ranged Weapons
  1096 | D:2      | Found Baheode's Armour Shop.
  1121 | D:2      | 1121 ||| BUYING +0 ring mail (44 gold).
  1121 | D:2      | Bought a +0 ring mail for 44 gold pieces
  1121 | D:2      | 1121 ||| SHOPLISTING +0 robe "Upish" {Regen+ Dex+3} (154
                  | gold, have 32).
  1121 | D:2      | 1121 ||| SHOPLISTING +2 cloak of the Vacuum {Fly} (259
                  | gold, have 32).
  1351 | D:2      | Found a blossoming altar of Fedhas.
  1370 | D:2      | Reached XP level 4. HP: 25/25 MP: 6/6
  1662 | D:2      | 1662 ||| UPGRADING to +0 ring mail.
  1672 | D:2      | 1672 ||| DROPPING +0 leather armour.
  1673 | D:2      | 1673 ||| READING scroll labelled NUOCEKH CAPO.
  1674 | D:2      | 1674 ||| READING scroll labelled PIHAOF JUGGE.
  1775 | D:2      | 1775 ||| READING scroll labelled WINUKL MAVA.
  1775 | D:2      | 1775 ||| IDENTIFYING fizzy emerald potion
  1776 | D:2      | 1776 ||| READING scroll labelled BIHOAKH JUBB.
  1779 | D:2      | 1779 ||| READING scroll labelled XUD RONIL LUFF.
  1780 | D:2      | 1780 ||| DROPPING potion of lignification.
  1846 | D:3      | 1846 ||| STAIRDANCE
  1857 | D:3      | 1857 ||| STAIRDANCE
  1902 | D:3      | Found a faded altar of an unknown god.
  2137 | D:3      | Found Plog's Weapon Emporium.
  2242 | D:3      | Reached skill level 8 in Ranged Weapons
  2336 | D:3      | Identified the staff "Soha" {rElec rPois Str-2 Dex-3 Tloc
                  | Alchemy}
  2385 | D:3      | Found an ancient bone altar of Kikubaaqudgha.
  2413 | D:3      | Noticed a human
  2414 | D:3      | Killed a human
  2652 | D:3      | 2652 ||| UPGRADING to +0 pair of gloves.
  2657 | D:3      | 2657 ||| READING scroll of identify.
  2657 | D:3      | 2657 ||| IDENTIFYING sedimented green potion
  2658 | D:3      | 2658 ||| READING scroll labelled IMYKUSANEJ.
  2658 | D:3      | 2658 ||| ENCHANTING +0 pair of gloves.
  2659 | D:3      | 2659 ||| READING 2 scrolls labelled TEOT XIVVELL.
  2660 | D:3      | 2660 ||| DRINKING 2 brown potions.
  2661 | D:3      | 2661 ||| DRINKING 2 pink potions.
  2662 | D:3      | 2662 ||| DROPPING potion of attraction.
  2663 | D:3      | 2663 ||| DROPPING potion of invisibility.
  2664 | D:3      | 2664 ||| DROPPING scroll of noise.
  2742 | D:4      | Found a sacrificial altar of Ru.
  2828 | D:4      | Reached XP level 5. HP: 27/29 MP: 7/7
  2978 | D:4      | Found a runed translucent door.
  2982 | D:4      | Noticed qw's ghost (amateur DEHu)
  3040 | D:4      | Noticed an ogre
  3045 | D:4      | HP: 2/29 [ogre/+0 giant club (27)]
  3046 | D:4      | Annihilated by an ogre

Levels and vault maps discovered:
D:1:      minmay_arrival_checkered_box, layout_loops_ring
D:2:      layout_basic, serial_shops, nicolae_shop_peninsula, basic_altar,
          patterned_corridor
D:3:      layout_loops_ring, tgw_kikubaaqudgha, serial_shops,
          nicolae_shop_real_fake_doors, ebering_ecumenical_altar_sacrificial,
          minmay_strange_pillars, nrook_uturn, grunt_decor_arrowhead,
          chequers_serial_rivers_large_a
D:4:      layout_loops_ring, nicolae_ru_sacrificial_ziggurat,
          ebering_ghost_sewer_d, grunt_tough_drop

Skill      XL: |  1  2  3  4 |
---------------+-------------+-----
Ranged Weapons | 6 7 8 |  8.8
Fighting       | |  1.5
Dodging        | |  2.4
Stealth        | |  1.2

Action                     |  1- 3 |  4- 6 || total
---------------------------+-------+-------++-------
   Fire: Shortbow          |   125 |   100 ||   225
    Use: Scroll            |     3 |     8 ||    11
         Potion            |       |     2 ||     2
 Armour: Leather armour    |    31 |       ||    31
         Ring mail         |       |    27 ||    27
  Dodge: Dodged            |    39 |    27 ||    66

Table legend:
 A = Non-vault XP
 B = Vault XP
 C = Vault XP percentage of total XP
 D = Non-vault monster count
 E = Vault monster count
 F = Vault count percentage of total count
                 A         B        C        D         E       F
            +---------+---------+-------+---------+---------+-------
      Total |     254 |       0 |   0.0 |      70 |       0 |   0.0
            +---------+---------+-------+---------+---------+-------
        D:1 |      44 |       0 |   0.0 |      27 |       0 |   0.0
        D:2 |      85 |       0 |   0.0 |      28 |       0 |   0.0
        D:3 |      27 |       0 |   0.0 |       7 |       0 |   0.0
        D:4 |      98 |       0 |   0.0 |       8 |       0 |   0.0
            +---------+---------+-------+---------+---------+-------
